 Dungeon Crawl Stone Soup version 0.30-a0-1066-g63dfefce0d (webtiles) character file.

Game seed: 9922784355526028856

58 IdlyInterested the Cutter (level 3, -2/27 HPs)
             Began as a Demonspawn Gladiator on Apr 12, 2023.
             Slain by a gnoll
             ... wielding a +0 halberd
              (3 damage)
             ... on level 2 of the Dungeon.
             The game lasted 00:04:08 (1204 turns).

IdlyInterested the Cutter (Demonspawn Gladiator)    Turns: 1204, Time: 00:04:09

Health: -2/27      AC:  4    Str: 14    XL:     3   Next: 75%
Magic:  3/3        EV: 12    Int:  9    God:
Gold:   44         SH:  0    Dex: 16    Spells: 2/2 levels left

rFire   . . .      SeeInvis .    a - +0 rapier
rCold   . . .      Faith    .    (no shield)
rNeg    . . .      Spirit   .    b - +0 leather armour
rPois   .          Reflect  .    c - +0 helmet
rElec   .          Rampage  .    (no cloak)
rCorr   .                        (no gloves)
Will    .....                    (no boots)
Stlth   ++                       (no amulet)
HPRegen 0.24/turn                (no ring)
MPRegen 0.08/turn                (no ring)

@: mighty, invisible
A: foul stench 1
a: no special abilities


You were on level 2 of the Dungeon.
You visited 1 branch of the dungeon, and saw 2 of its levels.

You collected 70 gold pieces.
You spent 26 gold pieces at shops.

Inventory:

Hand Weapons
 a - a +0 rapier (weapon)
 m - a +1 dagger of venom
Missiles
 d - 3 throwing nets
 f - 16 stones (quivered)
Armour
 b - a +0 leather armour (worn)
 c - a +0 helmet (worn)
 i - a +0 plate armour
Scrolls
 k - a scroll of teleportation {unknown}
 l - a scroll of torment {unknown}
 o - a scroll of silence {unknown}
 p - a scroll of brand weapon {unknown}
Potions
 g - a potion of magic
 j - 2 potions of heal wounds {unknown}


   Skills:
 - Level 2.0 Fighting
 - Level 3.0 Short Blades
 + Level 1.7 Throwing
 - Level 3.0 Dodging
 * Level 2.9 Stealth


You had 2 spell levels left.
You didn't know any spells.
Your spell library was empty.

Dungeon Overview and Level Annotations

Branches:
Dungeon (2/15)

Altars:

Shops:
D:1 *?


Innate Abilities, Weirdness & Mutations

You may rarely emit foul miasma when damaged in melee.


Message History

The hobgoblin barely misses you. x2
You barely miss the hobgoblin.
The hobgoblin is almost dead.
The hobgoblin barely misses you.
A gnoll comes into view. It is wielding a +0 spear.
You puncture the hobgoblin!
You kill the hobgoblin!
You feel very mighty all of a sudden.
You barely miss the worm. The worm bites you but does no damage.
The worm bites you!
You puncture the worm!
The worm is heavily wounded.
You puncture the worm!
You kill the worm!
Throw: javelin
Press: ? - help, Shift-Dir - straight line, f - gnoll
Aim: a gnoll, wielding a +0 halberd (64% to hit)
You throw a javelin. The javelin pierces through the gnoll!
The gnoll is severely wounded.
The javelin pierces through the gnoll.
The gnoll is heavily wounded.
The javelin barely misses the gnoll.
The gnoll hits you with a +0 club.
The gnoll hits you from afar with a +0 spear.
* * * LOW HITPOINT WARNING * * *
You hit the gnoll.
You kill the gnoll!
The gnoll hits you from afar with a +0 spear.
* * * LOW HITPOINT WARNING * * *
Training target 3.0 for Dodging reached!
Your Dodging skill increases to level 3!
Unknown command.
You fade into invisibility!
The gnoll hits you from afar with a +0 spear!
* * * LOW HITPOINT WARNING * * *
The gnoll misses you.
You hit the gnoll.
The gnoll is moderately wounded.
The gnoll closely misses you. The gnoll hits you with a +0 halberd.
You die...

#.#######.## #.
#..## #
#...######
#.......>##
#.#.......#
#.#.......#
#.#)......#
..###.....##
####.@.....#
#g#####.#
#g......#
.......(...##.#
..##.##..#g# #
#[....$
#..####g# #...
# .|##


You could see 2 gnolls.

Vanquished Creatures
  A gnoll (D:2)
  A worm (D:2)
  4 ball pythons
  4 endoplasms
  A giant cockroach (D:2)
  6 goblins
  5 hobgoblins
  4 jackals (D:1)
  A kobold (D:1)
  6 bats (D:1)
  A frilled lizard (D:1)
  6 rats
40 creatures vanquished.

Notes
Turn   | Place    | Note
-------+----------+-------------------------------------------
     0 | D:1      | IdlyInterested the Demonspawn Gladiator began the quest for
                  | the Orb.
     0 | D:1      | Reached XP level 1. HP: 16/16 MP: 1/1
   138 | D:1      | Reached skill level 1 in Stealth
   149 | D:1      | Gained mutation: You may rarely emit foul miasma when
                  | damaged in melee. [demonic ancestry]
   149 | D:1      | Reached XP level 2. HP: 19/22 MP: 2/2
   341 | D:1      | Reached XP level 3. HP: 24/27 MP: 3/3
   407 | D:1      | Found Junosule's General Store.
   693 | D:1      | Found Qeclogg's Magic Scroll Shoppe.
   955 | D:1      | Bought a scroll of identify for 26 gold pieces
  1203 | D:2      | HP: 1/27 [gnoll/+0 spear (7)]
  1204 | D:2      | Slain by a gnoll

Illustrated notes

Levels and vault maps discovered:
D:1:      dpeg_arrival_arbitrary_a, layout_basic, serial_shops,
          nicolae_shop_statue_plus, nicolae_square_shop
D:2:      minmay_roachtagon, layout_loops_cross, palyth_stone_intersect,
          minmay_hexomino_r4

Skill      XL: |  1  2  3 |
---------------+----------+-----
Stealth        | 1 2 |  2.9
Short Blades   | 3 |  3.0
Dodging        | 3 |  3.0
Fighting       | |  2.0
Throwing       | |  1.7

Action                     || total
---------------------------++-------
  Melee: Rapier            ||   115
         Punch             ||     1
  Throw: Javelin           ||     1
    Use: Scroll            ||     3
         Potion            ||     2
   Stab: Sleeping          ||     5
 Armour: Leather armour    ||    37
  Dodge: Dodged            ||    82

Table legend: (Time is in decaauts)
 A = Elapsed time spent in this place.
 B = Non-inter-level travel time spent in this place.
 C = Inter-level travel time spent in this place.
 D = Time resting spent in this place.
 E = Time spent auto-exploring this place.
 F = Levels seen in this place.
 G = Mean time per level.
                   A        B        C        D        E       F      G
               +--------+--------+--------+--------+--------+-----+--------+
         Total |   1210 |   1049 |    161 |     85 |    624 |   2 |  605.0 |
       Dungeon |   1210 |   1049 |    161 |     85 |    624 |   2 |  605.0 |
               +--------+--------+--------+--------+--------+-----+--------+

Top non-repeatable levels by time:
     D:1: 1071 daAuts
     D:2: 139 daAuts
